cohdb
Replays
Latest Replays
All Replays
Popular Replays
Top Player Replays
Match Explorer
How It Works
Community
CoH3 Stats
Reddit
Sign in to upload your games and track your stats! →
Sign in with Steam
Match 35332959
Unlisted
Match 35332959
Overview
Messages
Build Orders
End
Vickers Machine Gun Team
Vickers Machine Gun Team
Construct Section Command Post
ML 3-inch Mortar Team
Infantry Section
Construct Platoon Command Post
CMP 15cwt Truck
Infantry Section
6-pounder Anti-tank Gun Team
Grenade Package
jofripouille(billy bobe)
44GamesinLibary
pandora517894518129
Papa Chulo
Barbarossa
xebec.8895
0
0
Comments
sign in to comment!
No comments posted yet!